 Dungeon Crawl Stone Soup version bcrawl-1.21.2-20-g6d45ba5942 (webtiles) character file.

Game seed: 7526396453717688137

60 MisterOstroum the Sneak (level 3, 0/29 HPs)
             Began as a Demonspawn Archaeologist on Feb 25, 2020.
             Succumbed to an orc wizard's poison
             ... on level 2 of the Dungeon.
             The game lasted 00:01:52 (1443 turns).

MisterOstroum the Sneak (Demonspawn Archaeologist)  Turns: 1443, Time: 00:01:53

Health: 0/29       AC:  8    Str: 15    XL:     3   Next: 82%
Magic:  3/3        EV: 17    Int: 20    God:
Gold:   82         SH:  0    Dex: 16    Spells: 2/2 levels left

rFire    + . .     SeeInvis .   a - +0 whip
rCold    . . .     Gourm    .   (no shield)
rNeg     . . .     Faith    .   u - +0 ring mail
rPois    .         Spirit   .   c - +1 hat
rElec    .         Reflect  .   (no cloak)
rCorr    .         Harm     .   (no gloves)
MR       .....                  d - +1 pair of boots
Stlth    ++++......             (no amulet)
HPRegen  0.09/turn              s - ring of protection from fire
MPRegen  0.08/turn              i - +3 ring of strength

@: brilliant, agile, lethally poisoned (0 -> -3)
A: horns 1, nightstalker 1
a: no special abilities


You were on level 2 of the Dungeon.
You were not hungry.

You visited 1 branch of the dungeon, and saw 2 of its levels.

You collected 82 gold pieces.

Inventory:

Hand Weapons
 a - a +0 whip (weapon)
 m - a +2 dagger of venom
Missiles
 h - 521 bolts
 j - 107 arrows
 n - 349 sling bullets
 p - 468 stones (quivered)
Armour
 b - a +1 robe
 c - a +1 hat (worn)
 d - a +1 pair of boots (worn)
 u - a +0 ring mail (worn)
Jewellery
 i - a +3 ring of strength (right hand)
 s - a ring of protection from fire (left hand)
 v - an uncursed ring of protection from fire
Scrolls
 g - a scroll of magic mapping {@r5 !r}
 k - 2 scrolls of fog {unknown}
 l - a scroll of teleportation {unknown}
 r - a scroll of enchant armour {unknown}
 t - 2 scrolls of blinking {unknown}
 w - a scroll of identify {unknown}
Miscellaneous
 f - a dusty tome
Comestibles
 e - 4 rations {!d}
 q - a chunk of flesh


   Skills:
 + Level 3.0 Fighting
 - Level 0.8 Maces & Flails
 - Level 2.6 Dodging
 + Level 3.7 Stealth


You had 2 spell levels left.
You didn't know any spells.
Your spell library was empty.

Dungeon Overview and Level Annotations

Branches:
Dungeon (2/12)

Altars:

Annotations:
D:2 Sigmund


Innate Abilities, Weirdness & Mutations

You have a pair of small horns on your head.
You are slightly more attuned to the shadows.


Message History

No target in view!
You open the door.
Found a ring mail.
There is an open door here.
Eating one of 2 chunks of flesh.
You eat one of the 2 chunks of flesh.
This raw flesh tastes terrible.
There is a stone staircase leading down here.
You open the door.
There is an open door here.
You open the door.
There is an open door here.
You open the door.
An orc wizard comes into view. It is wielding a +2 dagger of venom.
There is an open door here.
The orc wizard shouts!
The orc wizard looks satisfied for a moment.
The orc wizard hits you with a +2 dagger of venom.
You barely miss the orc wizard.
The orc wizard hits you but does no damage.
You are poisoned.
The orc wizard points at you and mumbles some strange words.
The puff of flame misses you.
Unknown command.
Okay, then.
Unknown command.
You hit the orc wizard.
The orc wizard is moderately wounded.
You feel sick. The orc wizard closely misses you.
You hit the orc wizard.
The orc wizard is moderately wounded.
You feel sick.
The orc wizard hits you but does no damage.
You are more poisoned.
You hit the orc wizard.
The orc wizard is heavily wounded.
The orc wizard hits you but does no damage.
You are more poisoned.
You barely miss the orc wizard.
The orc wizard is heavily wounded.
You feel sick. The orc wizard misses you.
You hit the orc wizard.
You headbutt the orc wizard, but do no damage.
The orc wizard is severely wounded.
You feel sick.
The orc wizard hits you with a +2 dagger of venom.
You closely miss the orc wizard. You headbutt the orc wizard.
The orc wizard is almost dead.
You feel sick.
The orc wizard hits you with a +2 dagger of venom.
You are lethally poisoned!
You barely miss the orc wizard. Your headbutt misses the orc wizard.
The orc wizard is almost dead.
You feel sick.
The orc wizard hits you with a +2 dagger of venom.
You are more poisoned.
It was a potion of heal wounds.
You feel much better.
You feel sick.
The orc wizard hits you with a +2 dagger of venom.
Unknown command.
You hit the orc wizard.
You kill the orc wizard!
Your Fighting skill increases to level 3!
You feel very sick.
You feel sick.
Found 159 stones.
Things that are here:
a +2 dagger of venom; a +0 robe
m - a +2 dagger of venom You feel sick.
It was a potion of brilliance.
You feel clever all of a sudden.
You feel sick.
It was a potion of agility.
You feel agile all of a sudden.
You feel sick.
You feel sick.
You feel sick.
You feel sick.
You feel sick.
You see here a +0 robe.
You feel sick.
You feel sick.
* * * LOW HITPOINT WARNING * * *
You feel sick.
* * * LOW HITPOINT WARNING * * *
You feel sick.
* * * LOW HITPOINT WARNING * * *
You feel sick.
* * * LOW HITPOINT WARNING * * *
You feel sick.
* * * LOW HITPOINT WARNING * * *
You feel sick.
* * * LOW HITPOINT WARNING * * *
You feel sick.
* * * LOW HITPOINT WARNING * * *
You feel sick.
* * * LOW HITPOINT WARNING * * *
You feel sick.
* * * LOW HITPOINT WARNING * * *
You feel sick.
You die...

..####.#..####.....##
.>#
#.#..#........####
<## #.#
.#.###........ ## #.#
@# #........
#........ #........
#........ #....####
#.@..# #....# #....#
######


There were no monsters in sight!

Vanquished Creatures
  An orc wizard (D:2)
  An ooze (D:2)
  2 leopard geckos (D:1)
  A bat (D:1)
  A goblin (D:1)
  8 hobgoblins
  A jackal (D:2)
  2 kobolds (D:1)
  2 quokkas (D:2)
  3 frilled lizards
  A rat (D:1)
23 creatures vanquished.

Notes
Turn   | Place    | Note
-------+----------+-------------------------------------------
     0 | D:1      | MisterOstroum the Demonspawn Archaeologist began the quest
                  | for the Orb.
     0 | D:1      | Reached XP level 1. HP: 15/15 MP: 1/1
   396 | D:1      | Gained mutation: You are slightly more attuned to the
                  | shadows. [demonic ancestry]
   396 | D:1      | Reached XP level 2. HP: 19/22 MP: 2/2
  1194 | D:2      | Noticed Sigmund
  1228 | D:2      | Gained mutation: You have a pair of small horns on your
                  | head. [demonic ancestry]
  1228 | D:2      | Reached XP level 3. HP: 24/28 MP: 3/3
  1440 | D:2      | HP: 1/29 [poisoned by an orc wizard]
  1443 | D:2      | Succumbed to an orc wizard's poison

Skill      XL: |  1  2  3 |
---------------+----------+-----
Fighting       | 2 3 |  3.0
Maces & Flails | |  0.8
Dodging        | |  2.6
Stealth        | |  3.7

Action                   || total
-------------------------++-------
Melee: Whip              ||   104
       Headbutt          ||     3
  Use: Potion            ||     3
 Stab: Sleeping          ||     7
  Eat: Chunk             ||     2
Armor: Robe              ||    16
       Ring mail         ||    22
Dodge: Dodged            ||    59
